 Dungeon Sprint DCSS version 0.31-a0-524-g2a164cf6a2 (webtiles) character file.

Game seed: 12561485900113714700

0 Conn the Firebug (level 1, -5/16 HPs)
             Began as an Octopode Fire Elementalist on Aug 12, 2023.
             Slain by Sigmund
             ... wielding a +0 scythe
              (10 damage)
             ... in the Dungeon (Sprint VI: "Thunderdome").
             The game lasted 00:00:53 (33 turns).

Conn the Firebug (Octopode Fire Elementalist)         Turns: 33, Time: 00:00:53

Health: -5/16      AC:  1    Str:  7    XL:     1   Next: 0%
Magic:  1/3        EV: 13    Int: 17    God:
Gold:   200        SH:  0    Dex: 12    Spells: 3/4 levels left

rFire   . . .        (no weapon)
rCold   . . .        (no shield)
rNeg    . . .        (helmet restricted)
rPois   .            (no amulet)
rElec   .            (no ring)
rCorr   .            (no ring)
SInv    .            (no ring)
Will    .....        (no ring) Stlth
                     (no ring)
HPRegen 0.22/turn    (no ring)
MPRegen 0.08/turn    (no ring)
                     (no ring)

%: no teleportation
@: confused, berserking, very quick
A: almost no armour, amphibious, 8 rings, camouflage 1, gelatinous body 1,
(nimble swimmer 1), tentacles
a: no special abilities


You were in the Dungeon.
You visited 1 branch You collected 200 gold pieces.

Inventory:

Wands
 g - a wand of iceblast (4)
 h - a wand of light (5)
Scrolls
 f - 4 scrolls of blinking
 i - 3 scrolls of fog
Potions
 a - 3 potions of magic
 c - 4 potions of heal wounds
 d - 4 potions of haste
 j - a potion of resistance


   Skills:
 + Level 2.0 Dodging
 + Level 2.6 Stealth
 + Level 2.0 Spellcasting
 + Level 1.0 Conjurations
 + Level 3.0 Fire Magic


You had 3 spell levels left.
You knew the following spells:

 Your Spells              Type           Power      Damage    Failure   Level
a - Foxfire               Conj/Fire      32%        2x1d5     9%          1

Your spell library contained the following spells:

 Spells                   Type           Power      Damage    Failure   Level
 Scorch                   Fire           22%        2d5       9%          2
 Inner Flame              Hex/Fire       6%         N/A       30%         3
 Volatile Blastmotes      Fire/Tloc      12%        2d11      30%         3
 Flame Wave               Conj/Fire      8%         2d5       63%         4


Dungeon Overview and Level Annotations

Branches:
Dungeon (1/1)

Altars:
Cheibriados
Gozag
Kikubaaqudgha
Okawaru
Vehumet
Wu Jian
Zin
The Shining One
Lugonu

Shops:
D ??:(

Annotations:
D Sigmund


Innate Abilities, Weirdness & Mutations

You cannot wear most types of armour.
You are amphibious.
You can wear up to eight rings at the same time.
Your skin changes colour to match your surroundings (Stealth+).
Your rubbery body absorbs attacks. (AC +1, EV +1)
((You are camouflaged when in or above water. (Stealth+)))
You have tentacles for arms and can constrict up to eight enemies at once.


Message History

Sigmund is heavily wounded.
Sigmund points at you and mumbles some strange words.
You are confused.
You are too confused!
Unknown command.
Okay, then.
Unknown command.
Okay, then.
Unknown command.
Unknown command.
You bump into the stone wall.
Unknown command.
Sigmund casts a spell at you. The magic dart hits you!
Ouch! That really hurt!
* * * LOW HITPOINT WARNING * * *
You feel better. Sigmund gestures at you while chanting.
You are confused.
Your magical contamination has completely faded away.
Okay, then.
Unknown command.
Unknown command.
You're too confused to move!
You bump into the stone wall.
You bump into the stone wall.
Sigmund barely misses you.
A red film seems to cover your vision as you go berserk!
You feel yourself moving faster!
You feel mighty!
You feel a strong urge to attack something.
Sigmund flickers, as though insubstantial.
Sigmund points at you and mumbles some strange words.
The puff of flame hits you!
Ouch! That really hurt!
* * * LOW HITPOINT WARNING * * *
You're too confused to move!
You closely miss Sigmund.
Sigmund is heavily wounded.
Sigmund hits you with a +0 scythe!
Ouch! That really hurt!
You die...

##### ##⌠⌠⌠##
#.....# ##.....##
##∩...@.∩##
#∩....@..∩#
#_......._#
#_......._#
#_......._#
###.........###
#⌠...........⌠#
###.8.........8.#
._......###......___


You could see Sigmund.

Vanquished Creatures (others)
  3 foxfires (D)
3 creatures vanquished.

Notes
Turn   | Place    | Note
-------+----------+-------------------------------------------
     0 | D        | Conn the Octopode Fire Elementalist began the quest for the
                  | Orb.
     0 | D        | Reached XP level 1. HP: 11/11 MP: 3/3
     1 | D        | Found a glowing golden altar of the Shining One.
     2 | D        | Found an ancient bone altar of Kikubaaqudgha.
     3 | D        | Found a radiant altar of Vehumet.
     3 | D        | Found a glowing silver altar of Zin.
     4 | D        | Found an ornate altar of the Wu Jian Council.
     4 | D        | Found an iron altar of Okawaru.
     4 | D        | Found Deann's Magic Scroll Shop.
     4 | D        | Found Xelaxeoss's Staff Store.
     5 | D        | Found Lismom's Magic Scroll Shop.
     5 | D        | Found Soloac's Must-Have Magic.
     5 | D        | Round 1.
     8 | D        | Found an opulent altar of Gozag.
    11 | D        | Found a corrupted altar of Lugonu.
    12 | D        | Found a snail-covered altar of Cheibriados.
    18 | D        | Noticed Sigmund
    33 | D        | Slain by Sigmund

Illustrated notes

Levels and vault maps discovered:
D:        arena_sprint

Action                     || total
---------------------------++-------
  Melee: Unarmed           ||     1
   Cast: Foxfire           ||     2
  Evoke: Wand              ||     1
    Use: Potion            ||     2
  Dodge: Dodged            ||     1

Table legend: (Time is in decaauts)
 A = Elapsed time spent in this place.
 B = Non-inter-level travel time spent in this place.
 C = Inter-level travel time spent in this place.
 D = Time resting spent in this place.
 E = Time spent auto-exploring this place.
 F = Levels seen in this place.
 G = Mean time per level.
                   A        B        C        D        E       F      G
               +--------+--------+--------+--------+--------+-----+--------+
         Total |     32 |     32 |      0 |      0 |      5 |   1 |   32.0 |
       Dungeon |     32 |     32 |      0 |      0 |      5 |   1 |   32.0 |
               +--------+--------+--------+--------+--------+-----+--------+

Top non-repeatable levels by time:
       D: 32 daAuts
